[Event "Marienbad B1-IM 2024"]
[Site "Marianske Lazne"]
[Date "2024.01.13"]
[Round "1.11"]
[White "Ashwath, R.."]
[Black "Jurek, Josef"]
[Result "1/2-1/2"]
[ECO "A05"]
[WhiteElo "2284"]
[BlackElo "2242"]
[Annotator "TA"]
[PlyCount "31"]
[EventDate "2024.01.10"]
[EventType "tourn"]
[EventCountry "CZE"]
[SourceTitle "playchess.com"]
[Source "ChessBase"]
[SourceQuality "1"]
[TimeControl "40/5400+30:1800+30"]

1. Nf3 Nf6 2. c4 e6 3. g3 b6 4. Bg2 Bb7 5. O-O c5 6. d4 cxd4 7. Qxd4 d6 8. Bg5 Nbd7 9. Rd1 Be7 10. Nc3 a6 11. Ne1 Bxg2 {[%emt 0:01:01] The position is equal.} 12. Nxg2 O-O 13. Ne3 Rc8 14. Rac1 Re8 15. h4 Qc7 16. Bxf6 {[%emt 0:12:37] An uneventful encounter.   Weighted Error Value: White=0.21 (precise) /Black=0.13 (very precise) .  Inaccurate:     	White=1     	---        OK:         	---       	Black=1} 1/2-1/2

[Event "Marienbad B1-IM 2024"]
[Site "Marianske Lazne"]
[Date "2024.01.13"]
[Round "1.12"]
[White "Rasmussen, Casper"]
[Black "Zdybel, Przemyslaw"]
[Result "0-1"]
[ECO "D25"]
[WhiteElo "2265"]
[BlackElo "2180"]
[Annotator "ChessBase"]
[PlyCount "90"]
[EventDate "2024.01.10"]
[EventType "tourn"]
[EventCountry "CZE"]
[SourceTitle "playchess.com"]
[Source "ChessBase"]
[SourceQuality "1"]
[TimeControl "40/5400+30:1800+30"]

1. Nf3 d5 2. d4 Nf6 3. c4 dxc4 4. e3 a6 5. Bxc4 e6 6. O-O Be7 7. Qe2 O-O 8. Rd1 b5 9. Bb3 Bb7 10. a4 b4 11. a5 Nbd7 12. Nbd2 c5 13. Nc4 Bd5 14. Nfe5 Qc7 15. Nxd7 Nxd7 16. e4 Bb7 17. d5 exd5 18. exd5 Rfe8 19. Qc2 Nf6 20. Nb6 Rad8 21. g3 Qe5 22. Bf4 Qh5 23. Bc7 Ng4 24. h4 c4 25. Qxc4 Nxf2 26. Rf1 Ne4 27. d6 Bf6 28. d7 Rf8 29. Rad1 Qg4 30. Rd3 Qh3 31. Rff3 Nd2 32. Rxd2 Bxf3 33. Rh2 Qf5 34. Bc2 Qxa5 35. Qd3 Qh5 36. Rf2 Bg4 37. Rf4 Rxd7 38. Nxd7 Bxd7 39. Bd6 Re8 40. Bxb4 Bb5 41. Qd1 Qe5 42. b3 Qe3+ 43. Kh2 Bc6 44. Qg1 Qe2+ 45. Rf2 Bd4 0-1

[Event "Marienbad B1-IM 2024"]
[Site "Marianske Lazne"]
[Date "2024.01.13"]
[Round "1.13"]
[White "Ochedzan, Tymon"]
[Black "Kulkarni Bhakti"]
[Result "1/2-1/2"]
[ECO "C72"]
[WhiteElo "2166"]
[BlackElo "2364"]
[Annotator "ChessBase"]
[PlyCount "79"]
[EventDate "2024.01.10"]
[EventType "tourn"]
[EventCountry "CZE"]
[SourceTitle "playchess.com"]
[Source "ChessBase"]
[SourceQuality "1"]
[TimeControl "40/5400+30:1800+30"]

1. e4 e5 2. Nf3 Nc6 3. Bb5 a6 4. Ba4 d6 5. O-O Bd7 6. c4 Be7 7. Nc3 Nf6 8. Bxc6 bxc6 9. d4 exd4 10. Qxd4 c5 11. Qd3 Bc6 12. Bf4 O-O 13. Rfe1 Qd7 14. h3 Rad8 15. Re2 Rfe8 16. Rae1 Qc8 17. Nd5 h6 18. Bd2 Bb7 19. Bc3 Nh5 20. Qd2 Bxd5 21. exd5 Bf6 22. Ba5 Rxe2 23. Rxe2 g5 24. Re4 Nf4 25. Rxf4 gxf4 26. Qxf4 Bxb2 27. Nh4 Be5 28. Qxh6 Qb8 29. Qg5+ Kf8 30. f4 Bd4+ 31. Kh2 Re8 32. Nf5 Qb1 33. Bxc7 Qg1+ 34. Kg3 Qf2+ 35. Kg4 Qxg2+ 36. Ng3 Re3 37. Qd8+ Kg7 38. Qg5+ Kh7 39. Qh4+ Kg8 40. Qd8+ 1/2-1/2

[Event "Marienbad B1-IM 2024"]
[Site "Marianske Lazne"]
[Date "2024.01.13"]
[Round "1.14"]
[White "Ni, Viktorija"]
[Black "Hak, David"]
[Result "1-0"]
[ECO "A45"]
[WhiteElo "2138"]
[BlackElo "2310"]
[Annotator "ChessBase"]
[PlyCount "85"]
[EventDate "2024.01.10"]
[EventType "tourn"]
[EventCountry "CZE"]
[SourceTitle "playchess.com"]
[Source "ChessBase"]
[SourceQuality "1"]
[TimeControl "40/5400+30:1800+30"]

1. d4 Nf6 2. Bg5 e6 3. e4 h6 4. Bxf6 Qxf6 5. c3 e5 6. Nf3 Nc6 7. Bd3 exd4 8. e5 Qf4 9. O-O Bc5 10. b4 Bb6 11. b5 Ne7 12. c4 d5 13. exd6 Qxd6 14. Nbd2 Bg4 15. a4 Ba5 16. c5 Qf4 17. Qc2 O-O 18. h3 Bxf3 19. Nxf3 Bc3 20. Ra3 Nd5 21. Be4 Nb4 22. Qb1 Rfe8 23. Bxb7 Rab8 24. c6 Qd6 25. a5 Nxc6 26. Rxc3 Nxa5 27. Rc6 Qf4 28. Rd1 Red8 29. Qd3 Nxb7 30. g3 Nc5 31. Rxc5 Qd6 32. Qc4 Qf6 33. Kg2 Rd7 34. Rxd4 Rxd4 35. Qxd4 Qe7 36. Rd5 Re8 37. Rd7 Qe2 38. Qd5 Re6 39. Rd8+ Kh7 40. Qf5+ Rg6 41. Nh4 Qe7 42. Rd5 Qxh4 43. Qxg6+ 1-0

[Event "Marienbad B1-IM 2024"]
[Site "Marianske Lazne"]
[Date "2024.01.13"]
[Round "1.15"]
[White "Lima, Stefan Moisei VIeira"]
[Black "Dobrowolski, Piotr"]
[Result "1/2-1/2"]
[ECO "E10"]
[WhiteElo "2173"]
[BlackElo "2401"]
[Annotator "RC"]
[PlyCount "82"]
[EventDate "2024.01.10"]
[EventType "tourn"]
[EventCountry "CZE"]
[SourceTitle "playchess.com"]
[Source "ChessBase"]
[SourceQuality "1"]
[TimeControl "40/5400+30:1800+30"]

1. d4 Nf6 2. c4 e6 3. Nf3 c5 4. g3 cxd4 5. Nxd4 d5 6. Bg2 e5 7. Nf3 d4 8. O-O Nc6 9. e3 Bc5 10. exd4 exd4 11. Re1+ Be6 12. Ng5 O-O 13. Nxe6 fxe6 14. Nd2 Qd6 15. Ne4 Nxe4 16. Bxe4 e5 17. a3 a5 18. Qd3 h6 19. Bd2 Kh8 20. Re2 Qf6 21. Rae1 Bd6 22. Kh1 a4 23. g4 Qh4 24. f3 Ra6 25. Rg1 Ne7 26. g5 Bc5 27. gxh6 gxh6 28. Reg2 Qf6 29. Rg3 Rg8 30. Rxg8+ Nxg8 31. Rg3 Rb6 32. Bd5 Ne7 33. Ba5 Rb3 34. Qe4 Re3 35. Qg4 d3 36. Bd2 Re2 37. Qd7 Qf8 38. Qe6 Nxd5 39. cxd5 Rxd2 40. Qxe5+ Kh7 41. Qe4+ Kh8 1/2-1/2

[Event "Marienbad B1-IM 2024"]
[Site "Marianske Lazne"]
[Date "2024.01.14"]
[Round "2.11"]
[White "Jurek, Josef"]
[Black "Dobrowolski, Piotr"]
[Result "0-1"]
[ECO "A35"]
[WhiteElo "2242"]
[BlackElo "2401"]
[Annotator "RC"]
[PlyCount "62"]
[EventDate "2024.01.10"]
[EventType "tourn"]
[EventCountry "CZE"]
[SourceTitle "playchess.com"]
[Source "ChessBase"]
[SourceQuality "1"]
[TimeControl "40/5400+30:1800+30"]

1. Nf3 c5 2. c4 Nc6 3. Nc3 Nf6 4. g3 e6 5. Bg2 d5 6. cxd5 exd5 7. d4 cxd4 8. Nxd4 Bc5 9. Nxc6 bxc6 10. O-O O-O 11. Qc2 Bb6 12. Bf4 Re8 13. e4 Ba6 14. Rfe1 Ng4 15. Nd1 g5 16. Bd2 Qf6 17. Bc3 d4 18. Bb4 Ne5 19. Bd2 Bd3 20. Qa4 Nf3+ 21. Bxf3 Qxf3 22. Qxc6 Bxe4 23. Rxe4 Qxe4 24. Qxe4 Rxe4 25. Bxg5 Re1+ 26. Kg2 Rc8 27. b4 Rc2 28. a4 d3 29. a5 Bxf2 30. Kf3 Bd4 31. Rb1 f5 0-1

[Event "Marienbad B1-IM 2024"]
[Site "Marianske Lazne"]
[Date "2024.01.14"]
[Round "2.12"]
[White "Hak, David"]
[Black "Lima, Stefan Moisei VIeira"]
[Result "1/2-1/2"]
[ECO "C45"]
[WhiteElo "2310"]
[BlackElo "2173"]
[Annotator "RC"]
[PlyCount "143"]
[EventDate "2024.01.10"]
[EventType "tourn"]
[EventCountry "CZE"]
[SourceTitle "playchess.com"]
[Source "ChessBase"]
[SourceQuality "1"]
[TimeControl "40/5400+30:1800+30"]

1. e4 e5 2. Nf3 Nc6 3. d4 exd4 4. Nxd4 Nf6 5. Nxc6 bxc6 6. e5 Qe7 7. Qe2 Nd5 8. h4 Qe6 9. g3 d6 10. exd6 Bxd6 11. Bd2 Rb8 12. c4 Nb4 13. Kd1 c5 14. Nc3 O-O 15. Qxe6 Bxe6 16. Nb5 Be5 17. Kc1 a6 18. Bc3 Bxc4 19. Bxc4 axb5 20. Bxe5 bxc4 21. Bxc7 Rb7 22. Bf4 Nd3+ 23. Kc2 Rxb2+ 24. Kc3 Rxf2 25. Bd6 Rd8 26. Rhb1 f5 27. Rb8 Rxb8 28. Bxb8 Nb4 29. Kxc4 Nxa2 30. Bd6 Rd2 31. Bxc5 Rc2+ 32. Kd5 Kf7 33. Bd6 Kg6 34. Bf4 Nc3+ 35. Ke5 Re2+ 36. Kd4 Ne4 37. Ra6+ Nf6 38. Kd3 Re1 39. Kd2 Re7 40. Kd3 Kh5 41. Bg5 Rd7+ 42. Ke3 Ne4 43. Kf4 Rd4 44. Kxf5 Nxg3+ 45. Ke6 h6 46. Be7 Re4+ 47. Kf7 g6 48. Bd8 Rf4+ 49. Ke6 Rb4 50. Kf7 Rb7+ 51. Ke6 Nf5 52. Ra4 Rb8 53. Bf6 Rb6+ 54. Ke5 Nd6 55. Kf4 Rb5 56. Kg3 Nf5+ 57. Kh3 Rb3+ 58. Kh2 Ne3 59. Bd8 Rc3 60. Ra5+ Kg4 61. Ra6 Kf3 62. Rf6+ Nf5 63. Rxg6 Rc2+ 64. Kh3 Rc1 65. Kh2 Rd1 66. Ba5 Rd4 67. Rf6 Rxh4+ 68. Kg1 Rg4+ 69. Kh1 Rf4 70. Kg1 Kg4 71. Bd2 Ra4 72. Bxh6 1/2-1/2

[Event "Marienbad B1-IM 2024"]
[Site "Marianske Lazne"]
[Date "2024.01.14"]
[Round "2.13"]
[White "Kulkarni Bhakti"]
[Black "Ni, Viktorija"]
[Result "1-0"]
[ECO "A48"]
[WhiteElo "2364"]
[BlackElo "2138"]
[Annotator "RC"]
[PlyCount "147"]
[EventDate "2024.01.10"]
[EventType "tourn"]
[EventCountry "CZE"]
[SourceTitle "playchess.com"]
[Source "ChessBase"]
[SourceQuality "1"]
[TimeControl "40/5400+30:1800+30"]

1. d4 Nf6 2. Nf3 g6 3. Nc3 d5 4. Bf4 Bg7 5. e3 c5 6. Nb5 Na6 7. c3 Nh5 8. Bg5 h6 9. Bh4 g5 10. Ne5 Nf6 11. Bg3 Ne4 12. Bd3 Nxg3 13. hxg3 Bxe5 14. dxe5 Nc7 15. f4 Bd7 16. Na3 gxf4 17. gxf4 Qc8 18. Rh4 b5 19. Qh5 Qb7 20. Kf2 b4 21. cxb4 c4 22. Bf5 e6 23. Bg6 Rf8 24. Bxf7+ Rxf7 25. Rg4 O-O-O 26. Qxf7 Qxb4 27. Rb1 Qd2+ 28. Kg1 Be8 29. Qf6 Qxe3+ 30. Kh2 h5 31. Rg8 a6 32. Qh4 Qd2 33. Kg1 Qd3 34. Qf2 Qh7 35. Rf8 Qg7 36. Rf6 Bg6 37. Rc1 Be4 38. Nc2 h4 39. Ne1 h3 40. Rc3 hxg2 41. Rh3 Qg4 42. Rh4 Qd1 43. Qe3 Qb1 44. Rf7 d4 45. Qe2 c3 46. f5 Bxf5 47. bxc3 d3 48. Qd2 Qb6+ 49. Kxg2 Rg8+ 50. Kf3 Qg1 51. Ng2 Qf1+ 52. Qf2 Qd1+ 53. Ke3 Nd5+ 54. Kd4 Qc2 55. Qxc2 dxc2 56. Rh1 Rg4+ 57. Kc5 Rg8 58. c4 Nc7 59. Ne3 Be4 60. Rc1 Rg3 61. Kd4 Bg6 62. Rg7 Ne8 63. Rg8 Kd7 64. Rxc2 Rxe3 65. Rxg6 Re1 66. Rh2 Nc7 67. Rh7+ Kc6 68. Rgg7 Rd1+ 69. Kc3 Na8 70. Re7 Rc1+ 71. Kb3 Rb1+ 72. Kc2 Re1 73. Rxe6+ Kc5 74. Rxa6 1-0

[Event "Marienbad B1-IM 2024"]
[Site "Marianske Lazne"]
[Date "2024.01.14"]
[Round "2.14"]
[White "Zdybel, Przemyslaw"]
[Black "Ochedzan, Tymon"]
[Result "1-0"]
[ECO "B12"]
[WhiteElo "2180"]
[BlackElo "2166"]
[Annotator "TA"]
[PlyCount "107"]
[EventDate "2024.01.10"]
[EventType "tourn"]
[EventCountry "CZE"]
[SourceTitle "playchess.com"]
[Source "ChessBase"]
[SourceQuality "1"]
[TimeControl "40/5400+30:1800+30"]

1. e4 c6 2. d4 d5 3. e5 c5 4. dxc5 e6 5. a3 Bxc5 6. b4 Be7 7. Nf3 Nd7 8. c4 {[%emt 0:04:47] White has an edge.} dxc4 9. Nc3 a6 10. Bxc4 Qc7 11. Qd4 b5 12. Bd3 Bb7 {[%emt 0:03:51] [#] ...Bxf3 is the strong threat.} 13. Ne4 Qb6 {[%emt 0:08:19] aiming for ...Qxd4.} 14. Qb2 Bd5 ({Black should play} 14... f5 $1 $14 15. Be3 Qd8 16. Nd6+ Bxd6 17. exd6 Ngf6) 15. O-O $16 f5 16. exf6 Ngxf6 17. Qe2 O-O 18. Re1 Rae8 19. Bb2 (19. Be3 {simplifies} Qb8 20. Bd4 Nxe4 21. Bxe4 Bf6 22. Qd3) 19... Nh5 20. g3 {[%emt 0:05:55] Dodges Nf4} (20. Neg5 {feels hotter.} Bxg5 21. Nxg5 h6 22. Nh3) 20... Nhf6 21. Nfg5 Nxe4 22. Nxe4 e5 23. Rad1 {[%emt 0:01:53][%cal Od3b5] Strongly threatening Bxb5!} Bb7 24. Rd2 (24. Bb1 $16 Nf6 25. Bxe5 Nxe4 26. Bxe4 (26. Qa2+ Kh8 $16) 26... Bxe4 27. Qa2+ (27. Qxe4 Qxf2+ 28. Kh1 Bf6 $11) 27... Kh8 28. Rxe4) 24... Rd8 ({Black should try} 24... Qe6 $14) 25. Bb1 $36 {[%emt 0:03:09][%mdl 2048] White has good play. White stays focused until the end.} Qh6 (25... Kh8 $14) 26. Red1 Bc6 {[%emt 0:01:51] [#]} (26... Qe6 27. Ba1 Qh3 28. Ba2+ Kh8) 27. Rd6 $1 $18 Bxd6 28. Rxd6 Nf6 29. Rxc6 Kh8 30. Bc1 Qh5 31. Qxh5 Nxh5 32. Bc2 ({Worse is} 32. Rxa6 Rd1+ 33. Kg2 Rxc1 $11) 32... Rc8 33. Rxc8 Rxc8 34. Nc5 a5 35. Bd3 axb4 36. axb4 Nf6 37. Bd2 (37. Bxb5 Rb8 $18) 37... Nd5 38. Kg2 ({Don't do} 38. Bxb5 Nxb4 39. Nd7 (39. Bxb4 Rb8 $18) 39... Rc2 $18) 38... Nc7 39. Bc3 Nd5 40. Bd2 ({Weaker is} 40. Bxe5 Nxb4 41. Bf1 (41. Bd6 Rc6 $11) 41... Rxc5 $14) 40... Nc7 $1 41. Be4 Kg8 (41... Nd5 {was worth a try.} 42. Bxd5 Rd8) 42. Bc3 Re8 43. Bc6 Re7 44. Kf1 Kf7 45. Ke2 g5 46. h3 h5 47. Ke3 g4 48. hxg4 hxg4 49. Ke4 Kf6 50. Bb2 Kg6 51. Bxe5 Kg5 52. Kd4 {[%emt 0:00:00] Threatening mate with Bxc7.} Kf5 53. Be4+ Kg5 54. Bxc7 {[%emt 0:00:00] Weighted Error Value: White=0.31/Black=0.47.  Mistake:       	White=1     	Black=5      Inaccurate:     	White=1     	Black=2      OK:         	White=16    	Black=12     Best:        	White=3     	Black=1      Strong:       	---       	Black=1} 1-0

[Event "Marienbad B1-IM 2024"]
[Site "Marianske Lazne"]
[Date "2024.01.14"]
[Round "2.15"]
[White "Ashwath, R.."]
[Black "Rasmussen, Casper"]
[Result "1-0"]
[ECO "D10"]
[WhiteElo "2284"]
[BlackElo "2265"]
[Annotator "ChessBase"]
[PlyCount "65"]
[EventDate "2024.01.10"]
[EventType "tourn"]
[EventCountry "CZE"]
[SourceTitle "playchess.com"]
[Source "ChessBase"]
[SourceQuality "1"]
[TimeControl "40/5400+30:1800+30"]

1. d4 d5 2. c4 c6 3. cxd5 cxd5 4. Bf4 Nc6 5. e3 Nf6 6. Nc3 Bf5 7. Qb3 Na5 8. Qa4+ Bd7 9. Qc2 e6 10. h3 Rc8 11. Nf3 Bb4 12. Bd3 Nc4 13. Bxc4 Rxc4 14. Ne5 Rc8 15. Qb3 Qa5 16. O-O O-O 17. Rfc1 b6 18. a4 h6 19. Nxd7 Nxd7 20. Nb5 Be7 21. Rc2 Nf6 22. f3 Rxc2 23. Qxc2 Re8 24. Bg3 a6 25. Na7 b5 26. Bc7 Qb4 27. axb5 axb5 28. b3 Ra8 29. Qc6 Rxa7 30. Rxa7 Qe1+ 31. Kh2 Qxe3 32. Be5 Bf8 33. Qc7 1-0

[Event "Marienbad B1-IM 2024"]
[Site "Marianske Lazne"]
[Date "2024.01.15"]
[Round "3.12"]
[White "Ochedzan, Tymon"]
[Black "Ashwath, R.."]
[Result "1/2-1/2"]
[ECO "C60"]
[WhiteElo "2166"]
[BlackElo "2284"]
[Annotator "RC"]
[PlyCount "213"]
[EventDate "2024.01.10"]
[EventType "tourn"]
[EventCountry "CZE"]
[SourceTitle "playchess.com"]
[Source "ChessBase"]
[SourceQuality "1"]
[TimeControl "40/5400+30:1800+30"]

1. e4 e5 2. Nf3 Nc6 3. Bb5 Nge7 4. Nc3 Ng6 5. O-O Bc5 6. Ba4 O-O 7. Nd5 d6 8. c3 a6 9. d4 Ba7 10. h3 Nce7 11. Bg5 f6 12. Bb3 Nxd5 13. Bxd5+ Kh8 14. Be3 c6 15. Bb3 d5 16. dxe5 Bxe3 17. fxe3 dxe4 18. Qxd8 Rxd8 19. Rad1 Bxh3 20. gxh3 exf3 21. e6 Ne7 22. Kf2 g6 23. Kxf3 Kg7 24. e4 Kf8 25. Ke3 Ng8 26. e5 Ke7 27. Kf4 Rxd1 28. Rxd1 fxe5+ 29. Kxe5 Nf6 30. a4 Rf8 31. a5 g5 32. Rd4 g4 33. hxg4 Rg8 34. Rd2 Rg5+ 35. Kf4 Rxg4+ 36. Kf5 h6 37. Rh2 Rg5+ 38. Kf4 Nh5+ 39. Kf3 Rxa5 40. Rg2 Rg5 41. Rxg5 hxg5 42. Kg4 Nf4 43. Kxg5 Nd3 44. Kf5 a5 45. c4 Nxb2 46. Ke4 a4 47. Ba2 Nd1 48. Kd3 Kxe6 49. Kc2 Ne3+ 50. Kd2 Nf5 51. Kc3 c5 52. Kb2 Ne3 53. Ka3 Nd1 54. Bb1 Ke5 55. Bh7 Kd4 56. Kxa4 Nb2+ 57. Kb5 Nxc4 58. Bg8 Nd6+ 59. Kb6 c4 60. Bh7 Ne4 61. Bg8 Nd6 62. Bh7 Ne4 63. Bg8 Nc5 64. Bh7 c3 65. Bb1 Kc4 66. Bc2 Kb4 67. Bh7 Kc4 68. Bc2 Kd5 69. Bb1 Kd4 70. Bc2 Nd3 71. Kxb7 Ke3 72. Kb6 Kd2 73. Ba4 Kc1 74. Kb5 Ne5 75. Kc5 Kb2 76. Bd1 Nd3+ 77. Kd4 Nb4 78. Kc4 Nc6 79. Kd3 Nb8 80. Kc4 Nd7 81. Kd4 Nf6 82. Ba4 Ng4 83. Bd1 Nh6 84. Kd3 Nf5 85. Ba4 Nd6 86. Bd1 Nb7 87. Kd4 Na5 88. Kd3 Nb3 89. Kc4 Nd2+ 90. Kd3 Nf3 91. Ke3 Nd2 92. Kd3 Nb1 93. Bc2 Na3 94. Bd1 Nb5 95. Ba4 Nd6 96. Bd1 Nb7 97. Kd4 Na5 98. Kd3 Nc6 99. Kc4 Ne7 100. Kd4 Nf5+ 101. Kd3 Nd6 102. Kd4 Nb5+ 103. Kd3 Kc1 104. Ba4 Kb1 105. Kc4 Kb2 106. Kxb5 c2 107. Bxc2 1/2-1/2

[Event "Marienbad B1-IM 2024"]
[Site "Marianske Lazne"]
[Date "2024.01.15"]
[Round "3.13"]
[White "Ni, Viktorija"]
[Black "Zdybel, Przemyslaw"]
[Result "0-1"]
[ECO "A40"]
[WhiteElo "2138"]
[BlackElo "2180"]
[Annotator "NA RC"]
[PlyCount "112"]
[EventDate "2024.01.10"]
[EventType "tourn"]
[EventCountry "CZE"]
[SourceTitle "playchess.com"]
[Source "ChessBase"]
[SourceQuality "1"]
[TimeControl "40/5400+30:1800+30"]

1. d4 e6 2. g3 f5 3. Bg2 Nf6 4. b3 d5 5. Nf3 Bd6 6. c4 c6 7. O-O Qe7 8. Bf4 Bxf4 9. gxf4 O-O 10. Ne5 Nbd7 11. Nd2 Nxe5 12. dxe5 Ne4 13. Rc1 Bd7 14. Nxe4 fxe4 15. e3 Be8 16. f3 exf3 17. Qxf3 Rd8 18. cxd5 cxd5 19. Qf2 Kh8 20. Qd2 Bb5 21. Rf2 Rc8 22. a4 Bd7 23. Rxc8 Rxc8 24. f5 exf5 25. Qxd5 Bc6 26. Qd6 Qg5 27. Qd2 Be4 28. Kh1 Qg4 29. e6 Bxg2+ 30. Rxg2 Qe4 31. Qb2 Rg8 32. Qd4 Qxe6 33. b4 a6 34. b5 axb5 35. axb5 Qe7 36. h3 Rc8 37. b6 h6 38. Kh2 Re8 39. Rg6 Kh7 40. Rg3 Rc8 41. Rg2 Rc6 42. Rd2 Qf6 43. Qxf6 Rxf6 44. Rb2 g5 45. h4 Kg6 46. hxg5 hxg5 47. Kg3 Re6 48. Kf3 Rc6 49. Rb3 Re6 50. Rb2 g4+ 51. Kf2 Kg5 52. Rb5 Re4 53. Ke2 Ra4 54. Kf2 Ra2+ 55. Kg3 Re2 56. Re5 Rxe3+ 0-1

[Event "Marienbad B1-IM 2024"]
[Site "Marianske Lazne"]
[Date "2024.01.15"]
[Round "3.14"]
[White "Lima, Stefan Moisei VIeira"]
[Black "Kulkarni Bhakti"]
[Result "1/2-1/2"]
[ECO "A01"]
[WhiteElo "2173"]
[BlackElo "2364"]
[Annotator "ChessBase"]
[PlyCount "91"]
[EventDate "2024.01.10"]
[EventType "tourn"]
[EventCountry "CZE"]
[SourceTitle "playchess.com"]
[Source "ChessBase"]
[SourceQuality "1"]
[TimeControl "40/5400+30:1800+30"]

1. b3 Nf6 2. Bb2 g6 3. Nf3 Bg7 4. c4 O-O 5. g3 c6 6. Bg2 d5 7. O-O Re8 8. Qc2 Bf5 9. d3 Na6 10. a3 Qd7 11. Re1 Bh3 12. Ne5 Qf5 13. e4 dxe4 14. dxe4 Qe6 15. Nf3 Bxg2 16. Kxg2 Rad8 17. e5 Nh5 18. Nd4 Qc8 19. Nd2 Nc5 20. h3 Bh6 21. N2f3 Ng7 22. Rad1 Nce6 23. Bc1 Bxc1 24. Qxc1 Nxd4 25. Nxd4 c5 26. Nc2 Qc6+ 27. f3 Nf5 28. Qb2 Rd7 29. Rxd7 Qxd7 30. Ne3 Nxe3+ 31. Rxe3 e6 32. b4 b6 33. bxc5 bxc5 34. h4 Rd8 35. Rb3 Kg7 36. Qc1 Qd2+ 37. Qxd2 Rxd2+ 38. Kf1 Rc2 39. Rb7 a6 40. Rb6 Rxc4 41. Rxa6 Rc2 42. Rc6 Rc3 43. Kf2 Rxa3 44. Rxc5 h5 45. Rb5 Ra2+ 46. Ke3 1/2-1/2

[Event "Marienbad B1-IM 2024"]
[Site "Marianske Lazne"]
[Date "2024.01.15"]
[Round "3.15"]
[White "Dobrowolski, Piotr"]
[Black "Hak, David"]
[Result "1-0"]
[ECO "B34"]
[WhiteElo "2401"]
[BlackElo "2310"]
[Annotator "TA"]
[PlyCount "157"]
[EventDate "2024.01.10"]
[EventType "tourn"]
[EventCountry "CZE"]
[SourceTitle "playchess.com"]
[Source "ChessBase"]
[SourceQuality "1"]
[TimeControl "40/5400+30:1800+30"]

1. e4 c5 2. Nf3 Nc6 3. d4 cxd4 4. Nxd4 g6 5. Nc3 Bg7 6. Be3 Nf6 7. Nb3 O-O 8. Qd2 d6 9. f3 Be6 10. O-O-O {[%emt 0:01:21] B76: Sicilian Dragon: Yugoslav Attack, 9 g4 and 9 0-0-0.} a5 ({Black should play} 10... Rc8 $11) 11. a4 Nd7 12. Nd5 {[%emt 0:23:31] [#] White is slightly better.} Bxd5 $146 (12... Nb4 $1 $11 {keeps the balance.}) ({Predecessor:} 12... Rc8 13. Kb1 b6 14. Ba6 Rb8 15. Bb5 Rc8 16. h4 Nce5 17. h5 Bxd5 18. exd5 Qc7 19. hxg6 fxg6 {1-0 Medina Garcia,A-Alonso Leira,J Madrid Gran Torneo 1943 (11)}) 13. exd5 $16 Nce5 14. Bh6 Bxh6 15. Qxh6 Qc7 16. Rd4 Rfc8 17. c3 {[%emt 0:01:23] Active counter play!} Nf6 18. h4 Ned7 ({Black should try} 18... Qd8 $14) 19. h5 Nc5 $2 {[%emt 0:03:18] [#]} (19... Qd8 20. hxg6 fxg6) 20. Nd2 $2 (20. Nxc5 $1 $18 {[%cal Oh5g6] and the rest is easy. hxg6! would be deadly.} dxc5 21. d6) 20... Qd8 21. hxg6 fxg6 22. g4 Qf8 23. Qe3 Qf7 24. g5 Nh5 25. Bh3 $36 {[%emt 0:00:20][%mdl 2048] White has some pressure.} Ng3 (25... Rc7 $11 {remains equal.}) 26. Rh2 (26. Rc4 {seems wilder.} Nxh1 27. Rxc5 Rxc5 28. Be6) 26... Nf5 $2 (26... Rc7 $16) 27. Bxf5 $18 gxf5 28. Rdh4 Qxd5 29. Qxe7 Qf7 30. Qxd6 {[%emt 0:08:08] White wants to mate with Rxh7.} (30. Rxh7 Qxe7 31. Rxe7 Re8 $18) 30... Ra6 31. Qd4 Ne6 32. Qd5 Rd8 33. Qb3 {[%emt 0:00:12] Strongly threatening Rxh7.} Nf8 34. Qxf7+ Kxf7 35. Nc4 Re8 36. Rh6 Re1+ 37. Kd2 Rg1 38. Rxa6 bxa6 39. Nxa5 Rxg5 {[%emt 0:00:15][%mdl 4096] Endgame KRN-KRN} 40. Nc6 Rg3 41. b4 Kg6 42. Nd4 Rg1 43. a5 (43. b5 Ra1 44. Rg2+ (44. bxa6 Rxa4 45. Rg2+ Kf6 $16) 44... Kf6 $18) 43... Nd7 44. Ne2 (44. b5 Ra1 $16) 44... Rf1 45. Nf4+ Kg5 46. Ne6+ Kg6 47. Ke2 Rc1 {[%emt 0:01:14] Threatens to win with ...Rc2+.} 48. Kd2 {[%emt 0:00:00] Inhibits Rc2+.} ({Better is} 48. Nf4+ $18 Kg7 49. Kd2) 48... Ra1 $2 (48... Rf1 $1 $11 {and Black has nothing to worry.}) 49. Ke3 Re1+ 50. Re2 Rd1 (50... Rc1 {was worth a try.} 51. Kd2 Ra1) 51. Nf4+ Kf6 52. Rd2 Rxd2 53. Kxd2 {[%emt 0:00:00] KN-KN} Ke5 54. Ke3 Nb8 55. c4 Nc6 56. Nd3+ Kf6 57. f4 h6 58. Kf2 Ke7 59. Kg3 Kf6 60. Kh4 Kg7 61. Kh5 Kh7 62. b5 $2 ({Only move:} 62. c5 $18) 62... axb5 $14 63. cxb5 Nxa5 64. b6 {[%emt 0:00:03] Nc5 would kill now.} Nb7 $1 {[%emt 0:01:00] Against Nc5} 65. Ne5 Kg7 66. Nf3 Kf6 67. Nd4 Ke7 68. Nxf5+ Kd7 $1 69. Nd4 {[%emt 0:00:24][%cal Of4f5] Intending f5! and mate.} (69. Kxh6 $6 Kc6 70. Nd4+ Kxb6 $16) 69... Kd6 $2 {[%emt 0:00:29][%mdl 8192] [#] Wards off f5} (69... Nd6 $11) 70. f5 $1 {[%emt 0:00:28] White mates.} ({Less strong is} 70. Kxh6 Kc5 $16) 70... Ke5 {[%emt 0:01:02] [#]} 71. Kg6 $1 Kd6 (71... Nc5 72. f6) 72. f6 Nd8 73. Kg7 h5 {[%emt 0:00:28] [#]} 74. b7 $1 Kc7 {[%emt 0:00:46] [#]} 75. b8=Q+ $1 {[%emt 0:00:28][%mdl 576] Promotion} Kxb8 {[%emt 0:00:07] [#]} 76. Nc6+ $1 {[%emt 0:00:09][%mdl 576] Deflection, Promotion} Nxc6 77. f7 Kc7 78. f8=Q ({Worse is} 78. f8=B Kd8 $11) 78... Nd8 79. Qc5+ {[%emt 0:00:16] Weighted Error Value: White=0.35/Black=0.62} 1-0